AoeStats
← AxingQuestions

MegaRandom

505559027Analyzed
4v4 RM · 22d ago on Sep 10, 2026· 29m 25s· 8 players
Game mode
Random Map
Map size
Large (8 player)
Population
200
Speed
Normal
Resources
Standard
Victory
Conquest
Starting age
Dark Age
Ending age
Imperial Age
RankedLock teamsTeams togetherTeam positionsShared explorationLock speedFull tech treeHidden civsTurbo modeCheats
Victory
Defeat
🇺🇸 Dravidians · United States
1237
+14
🇲🇽 Ethiopians · Mexico
1229
+14
🇧🇷 Goths · Brazil
1153
+17
🇦🇷 Japanese · Argentina
1147
+17
1369
-22
🇦🇷 Saracens · Argentina
1242
-18
🇵🇦 Vietnamese · Panama
1190
-16
🇨🇱 Hindustanis · Chile
921
-6
[PVS]marcelofabian
1:23 Loom
10:54 Feudal Age
11:36 Double-Bit Axe
12:38 Wheelbarrow
12:04 Fletching
12:10 Town Watch
19:20 Castle Age
18:36 Padded Archer Armor
18:34 Gold Mining
19:27 Crossbowman
20:23 Bodkin Arrow
23:41 Ballistics
24:11 Elite Skirmisher
30:15 Imperial Age
[PVS] Manu_X
1:16 Loom
9:59 Feudal Age
14:08 Castle Age
12:28 Scale Barding Armor
12:16 Double-Bit Axe
15:40 Forging
17:13 Husbandry
19:51 Wheelbarrow
19:29 Bow Saw
19:14 Town Watch
19:46 Bloodlines
23:15 Light Cavalry
24:02 Horse Collar
CTM | Interestellar space
8:35 Feudal Age
9:10 Loom
12:05 Scale Barding Armor
14:23 Bloodlines
18:51 Castle Age
19:41 Husbandry
28:04 Wheelbarrow
27:59 Double-Bit Axe
PVS-Ozuna
1:05 Loom
10:56 Feudal Age
13:14 Town Watch
14:51 Fletching
22:33 Castle Age
22:39 Castle Age
22:10 Padded Archer Armor
23:44 Bodkin Arrow
23:43 Double-Bit Axe
25:07 Crossbowman
Camarada Tinky-Winky
1:02 Loom
13:08 Feudal Age
13:31 Man-at-Arms
14:10 Town Watch
14:24 Double-Bit Axe
15:08 Scale Mail Armor
20:23 Forging
22:46 Wheelbarrow
25:41 Castle Age
25:51 Long Swordsman
26:49 Chain Mail Armor
27:10 Iron Casting
27:49 Hand Cart
AxingQuestions
7:52 Loom
10:54 Feudal Age
12:31 Wheelbarrow
12:54 Town Watch
14:12 Gold Mining
14:09 Double-Bit Axe
14:07 Horse Collar
15:03 Fletching
16:39 Padded Archer Armor
21:12 Castle Age
21:16 Crossbowman
22:02 Thumb Ring
22:18 Leather Archer Armor
21:58 Bodkin Arrow
22:22 Leather Archer Armor
22:29 Hand Cart
24:16 Ballistics
25:43 Town Patrol
28:27 Scale Barding Armor
Caronte
7:19 Loom
9:35 Feudal Age
10:44 Gold Mining
10:41 Double-Bit Axe
12:47 Fletching
19:14 Castle Age
18:03 Town Watch
19:27 Crossbowman
20:09 Bodkin Arrow
27:34 Wheelbarrow
26:43 Horse Collar
SINAPODO
1:31 Loom
10:10 Feudal Age
11:13 Double-Bit Axe
11:14 Horse Collar
17:37 Castle Age
19:10 Scale Mail Armor
19:21 Forging
20:09 Chain Mail Armor
21:16 Heavy Plow
23:20 Iron Casting
23:02 Squires
22:49 Arson
23:48 Bow Saw
24:09 Pikeman
26:34 Wheelbarrow
25:44 Town Watch
30:29 Imperial Age
Connection lost

Rejoining the realm…

Still unreachable

The connection could not be restored.

Session expired

The server has moved on; the page needs a fresh start.